 Dungeon Crawl Stone Soup version 0.29-a0-923-g6e406bff71 (webtiles) character file.

Game seed: 4410496416132261757

91 testman the Shooter (level 4, -2/28 HPs)
             Began as a Tengu Hunter on July 27, 2022.
             Was an Initiate of Hepliaklqana.
             Slain by a phantom (7 damage)
             ... on level 4 of the Dungeon.
             The game lasted 00:05:49 (3162 turns).

testman the Shooter (Tengu Hunter)                  Turns: 3162, Time: 00:05:51

Health: -2/28      AC:  3    Str: 11    XL:     4   Next: 59%
Magic:  14/14      EV: 12    Int: 10    God:    Hepliaklqana [......]
Gold:   212        SH:  0    Dex: 19    Spells: 3/3 levels left

rFire   . . .      SeeInvis .   a - +0 shortbow
rCold   . . .      Faith    .   (shield currently unavailable)
rNeg    . . .      Spirit   .   c - +0 leather armour
rPois   +          Reflect  .   (helmet restricted)
rElec   .          Harm     .   (no cloak)
rCorr   .          Rampage  .   (no gloves)
Will    .....                   (boots unavailable)
Stlth   ++........              (no amulet)
HPRegen 0.09/turn               o - ring of poison resistance
MPRegen 0.14/turn               u - ring of magical power

@: no status effects
A: beak, talons 3
a: Renounce Religion


You were on level 4 of the Dungeon.
You worshipped Hepliaklqana.
Hepliaklqana was noncommittal.
You visited 1 branch of the dungeon, and saw 4 of its levels.

You collected 212 gold pieces.

Inventory:

Hand Weapons
 a - a +0 shortbow (weapon)
Missiles
 i - a throwing net
Armour
 c - a +0 leather armour (worn)
Jewellery
 o - a ring of poison resistance (left hand)
 u - a ring of magical power (right hand)
Scrolls
 b - 3 scrolls of immolation
 d - 2 scrolls of blinking {unknown}
 e - 3 scrolls of poison {unknown}
 f - 2 scrolls of amnesia {unknown}
 g - 4 scrolls of fear {unknown}
 h - a scroll of summoning {unknown}
 k - 9 scrolls of identify {unknown}
 n - a scroll of butterflies {unknown}
 r - a scroll of teleportation {unknown}
 s - a scroll of noise {unknown}
 t - a scroll of enchant weapon {unknown}
Potions
 j - a potion of brilliance {unknown}
 l - 2 potions of degeneration {unknown}
 m - 3 potions of curing {unknown}
 p - a potion of mutation {unknown}
 q - a potion of berserk rage {unknown}


   Skills:
 + Level 3.5 Fighting
 + Level 5.5 Ranged Weapons
 - Level 2.1 Dodging
 - Level 1.0 Stealth


You had 3 spell levels left.
You didn't know any spells.
Your spell library contained the following spells:

 Spells                   Type           Power      Damage    Failure   Level
 Portal Projectile        Hex/Tloc       0%         N/A       83%         3
 Tukima's Dance           Hex            0%         N/A       83%         3
 Animate Dead             Necr           0%         N/A       99%         4
 Blade Hands              Tmut           0%         N/A       100%        5
 Borgnjor's Vile Clutch   Necr/Erth      0%         N/A       100%        5
 Death Channel            Necr           0%         N/A       100%        6


Dungeon Overview and Level Annotations

Branches:
Dungeon (4/15)
 Temple: D:4-7

Altars:
Elyvilon
Hepliaklqana
Okawaru
Trog
Uskayaw
Vehumet

Shops:
D:2 (


Innate Abilities, Weirdness & Mutations

You have a beak for a mouth.
You have claws for feet.


Message History

You shoot an arrow.
The arrow hits the phantom but does no damage.
The phantom is moderately damaged.
The phantom misses you.
You shoot an arrow. The arrow misses the phantom.
The phantom hits you.
The phantom blinks!
You blink.
The phantom closely misses you.
You shoot an arrow. The arrow hits the phantom!
The phantom is heavily damaged.
The phantom hits you but does no damage.
You shoot an arrow.
The arrow hits the phantom but does no damage.
The phantom is heavily damaged.
The phantom hits you but does no damage.
You shoot an arrow. The arrow closely misses the phantom.
The phantom hits you. The dart slug closely misses you.
You shoot an arrow. The arrow barely misses the phantom.
The phantom hits you! The dart slug launches a dart at you.
The slug dart hits you.
* * * LOW HITPOINT WARNING * * *
The phantom hits you.
* * * LOW HITPOINT WARNING * * *
You are too injured to fight recklessly!
You are too injured to fight recklessly!
You are too injured to fight recklessly!
You are too injured to fight recklessly!
Fire: a) +0 shortbow
Press: ? - help, Q - select action, (/) - cycle Shift-Dir - straight line, f/p - phantom
Aim: a phantom (heavily damaged, 54% to hit)
You shoot an arrow. The arrow hits the phantom.
The phantom is severely damaged.
The phantom hits you but does no damage.
The dart slug bites you.
* * * LOW HITPOINT WARNING * * *
Fire: a) +0 shortbow
Press: ? - help, Q - select action, (/) - cycle Shift-Dir - straight line, f/p - phantom
Aim: a phantom (severely damaged, 54% to hit)
You shoot an arrow. The arrow hits the phantom.
The phantom is severely damaged.
The phantom hits you!
You die...

.###..# ... #. ......# .. #.
......## .. . ##. . .......#####
.# .. #..####. .#.##...#... .#
#..##.......
.#.##<..#.########.#.#...........
...##.#................##........
.####.#.........w......##.#......
..###..>........@.#..#)#..#......
).##...#........W.#..#.#. #......
...#..##..........#..#.# ##.####
.......................# #.....
...)...................# ###.....
.).##.##...............# #...##..
...##.##..............)###....#..
.####.##...................._....
. #.######<..#.......#..#....##


You could see a phantom and a dart slug.

Vanquished Creatures
  3 adders
  2 worms
  3 dart slugs
  2 orcs (D:3)
  2 ball pythons
  8 bats
  3 endoplasms
  3 giant cockroaches
  6 goblins
  5 hobgoblins
  3 jackals (D:3)
  A quokka (D:2)
  3 kobolds
  3 rats
47 creatures vanquished.

Vanquished Creatures (others)
  A demonic plant (D:2)
  2 fungi (D:2)
  A plant (D:2)
4 creatures vanquished.

Grand Total: 51 creatures vanquished

Notes
Turn   | Place    | Note
-------+----------+-------------------------------------------
     0 | D:1      | testman the Tengu Hunter began the quest for the Orb.
     0 | D:1      | Reached XP level 1. HP: 12/12 MP: 2/2
   192 | D:1      | Reached XP level 2. HP: 18/18 MP: 3/3
   740 | D:2      | Reached XP level 3. HP: 22/22 MP: 4/4
   758 | D:2      | Found a faded altar of an unknown god.
   776 | D:2      | Reached skill level 5 in Ranged Weapons
   952 | D:2      | You fall into a shaft and drop 2 floors!
   956 | D:4      | Found a radiant altar of Vehumet.
  1215 | D:2      | Found Astren's Weapon Shoppe.
  1333 | D:2      | Reached XP level 4. HP: 10/28 MP: 5/5
  1629 | D:2      | Found a white marble altar of Elyvilon.
  2398 | D:3      | Found a hazy altar of Hepliaklqana.
  2399 | D:3      | Found an iron altar of Okawaru.
  2400 | D:3      | Found a hide-covered altar of Uskayaw.
  2412 | D:3      | Became a worshipper of Hepliaklqana the Forgotten
  2465 | D:3      | Found a bloodstained altar of Trog.
  3148 | D:4      | Noticed a phantom
  3162 | D:4      | Slain by a phantom

Illustrated notes

Levels and vault maps discovered:
D:1:      co_arrival_square_in_a_square_in_a_square, layout_rooms,
          serial_corexii_hall, chequers_hall_statues_corner_a,
          chequers_hall_statues_corner_a, chequers_hall_statues_wall_a,
          chequers_hall_statues_wall_a, corexii_hall_statues_x,
          chequers_hall_statues_corner_a, grunt_decor_clamped,
          minmay_misc_feat_tiny
D:2:      layout_loops_ring, serial_shops, nicolae_shop_bloodbath_and_beyond,
          shapermc_ecumenical_altar_gd, basic_altar
D:3:      layout_basic, mainiacjoe_overflow_brackets,
          chequers_temple_overflow_statue_of_worship
D:4:      layout_rooms, nicolae_overflow_crystal_walls, temple_green,
          uniq_sigmund, uniq_pikel

Skill      XL: |  1  2  3 |
---------------+----------+-----
Ranged Weapons | 5 |  5.5
Fighting       | 3 |  3.5
Dodging        | |  2.1
Stealth        | |  1.0

Action                   |  1- 3 |  4- 6 || total
-------------------------+-------+-------++-------
 Fire: Shortbow          |   107 |    54 ||   161
Armor: Leather armour    |    13 |     8 ||    21
Dodge: Dodged            |    29 |    10 ||    39

Table legend: (Time is in decaauts)
 A = Elapsed time spent in this place.
 B = Non-inter-level travel time spent in this place.
 C = Inter-level travel time spent in this place.
 D = Time resting spent in this place.
 E = Time spent auto-exploring this place.
 F = Levels seen in this place.
 G = Mean time per level.
                   A        B        C        D        E       F      G
               +--------+--------+--------+--------+--------+-----+--------+
         Total |   3206 |   3111 |     95 |      0 |   2775 |   4 |  801.5 |
       Dungeon |   3206 |   3111 |     95 |      0 |   2775 |   4 |  801.5 |
               +--------+--------+--------+--------+--------+-----+--------+

Top non-repeatable levels by time:
     D:3: 1181 daAuts
     D:2: 1169 daAuts
     D:1: 721 daAuts
     D:4: 134 daAuts
